 Dungeon Crawl Stone Soup version 0.28-a0-268-g3f656e82c2 (webtiles) character file.

Game seed: 9663124810791394403

2863 Avack the Zephyrmancer (level 9, -3/45 HPs)
             Began as a Tengu Air Elementalist on Aug 28, 2021.
             Was a Priest of Qazlal.
             Slain by a wyvern (7 damage)
             ... on level 7 of the Dungeon.
             The game lasted 00:24:16 (7942 turns).

Avack the Zephyrmancer (Tengu Air Elementalist)     Turns: 7942, Time: 00:24:16

Health: -3/45      AC:  7    Str: 15    XL:     9   Next: 75%
Magic:  15/17      EV: 16    Int: 18    God:    Qazlal [***...]
Gold:   145        SH:  4    Dex: 15    Spells: 2/17 levels left

rFire   . . .      SeeInvis +   r - +2 whip (freeze)
rCold   . . .      Faith    .   (no shield)
rNeg    . . .      Spirit   .   u - +0 steam dragon scales
rPois   .          Reflect  .   (helmet restricted)
rElec   .          Harm     .   (no cloak)
rCorr   .          Rampage  .   p - +1 pair of gloves {Stlth+}
Will    .....                   (boots unavailable)
Stlth   ++........              k - amulet of magic regeneration
HPRegen 0.15/turn               B - +6 ring of strength
MPRegen 0.40/turn               z - ring of see invisible

@: flying quickly and evasively, very slightly contaminated, quick
A: beak, talons 3, nimble flight
a: Renounce Religion, Upheaval, Elemental Force


You were on level 7 of the Dungeon.
You worshipped Qazlal.
Qazlal was most pleased with you.
You visited 1 branch of the dungeon, and saw 8 of its levels.
You also visited: Ossuary.

You collected 379 gold pieces.
You spent 234 gold pieces at shops.

Inventory:

Hand Weapons
 r - a +2 whip of freezing (weapon)
 x - a +0 falchion of holy wrath
Missiles
 d - 138 stones
 h - 42 poisoned darts (quivered)
 A - a throwing net {!f}
Armour
 p - a +1 pair of gloves of stealth (worn)
 u - +0 steam dragon scales (worn)
Jewellery
 i - a ring of protection from cold
 k - an amulet of magic regeneration (around neck)
 n - an amulet of regeneration
 z - a ring of see invisible (right hand)
 B - a +6 ring of strength (left hand)
Wands
 s - a wand of paralysis (6)
 y - a wand of charming (7)
Scrolls
 b - 5 scrolls of immolation
 j - 3 scrolls of teleportation
 m - a scroll of amnesia
 o - a scroll of fog
 C - a scroll of enchant weapon
Potions
 a - 2 potions of brilliance {unknown}
 c - 5 potions of heal wounds
 e - 4 potions of might
 f - 3 potions of mutation
 g - 3 potions of curing
 l - 3 potions of berserk rage
 q - 2 potions of attraction {unknown}
 t - 3 potions of flight {unknown}
 v - 5 potions of invisibility {unknown}
 w - a potion of haste


   Skills:
 - Level 4.0 Dodging
 - Level 2.0 Stealth
 - Level 4.7 Spellcasting
 - Level 6.7 Conjurations
 + Level 5.0 Summonings
 - Level 3.1 Translocations
 - Level 10.5 Air Magic
 + Level 3.8 Invocations


You had 2 spell levels left.
You knew the following spells:

 Your Spells              Type           Power      Damage    Failure   Level
a - Shock                 Conj/Air       100%       1d9       1%          1
b - Static Discharge      Conj/Air       35%        N/A       1%          2
c - Swiftness             Air            42%        N/A       1%          3
d - Airstrike             Air            21%        N/A       1%          4
e - Blink                 Tloc           N/A        N/A       5%          2
f - Call Canine Familiar  Summ           22%        N/A       4%          3

Your spell library contained the following spells:

 Spells                   Type           Power      Damage    Failure   Level
 Summon Small Mammal      Summ           88%        N/A       1%          1
 Pain                     Necr           16%        1d4       14%         1
 Slow                     Hex            4%         N/A       21%         2
 Sublimation of Blood     Necr           2%         N/A       21%         2
 Wereblood                Tmut           4%         N/A       21%         2
 Summon Guardian Golem    Hex/Summ       13%        N/A       14%         3
 Confusing Touch          Hex            4%         N/A       38%         3
 Vampiric Draining        Necr           2%         2d6       38%         3
 Manifold Assault         Tloc           15%        N/A       71%         5
 Agony                    Necr           4%         N/A       98%         5
 Excruciating Wounds      Necr           2%         N/A       98%         5
 Storm Form               Tmut/Air       11%        N/A       100%        7
 Summon Hydra             Summ           11%        N/A       100%        7


Dungeon Overview and Level Annotations

Branches:
Dungeon (8/15)             Temple (0/1) D:5         Ossuary (visited)
   Lair: D:8-11

Altars:
Qazlal
Vehumet

Shops:
D:2 (   D:3 :   D:4 (   D:7 [

Annotations:
D:6 2 transporters, Lanoc's ghost, weakling KoDe


Innate Abilities, Weirdness & Mutations

You have a beak for a mouth.
You have claws for feet.
Your magical nature lets you fly swiftly and evasively.


Message History

The yak is struck by an arc of lightning!
The yak is moderately wounded.
You are struck by an arc of lightning.
The yak is struck by an arc of lightning!
The yak is heavily wounded.
The lightning grounds out.
A yak comes into view.
The yak gores you!
Unknown command.
You hear a bellow!
There is an open door here.
There is a stone staircase leading up here.
You fly upwards.
There is a stone staircase leading down here.
Magic restored.
There is a stone staircase leading down here.
You fly downwards.
The two-headed ogre shouts in stereo!
There is a stone staircase leading up here.
You fly upwards.
There is a stone staircase leading down here.
There is a stone staircase leading down here.
You fly downwards.
The wyvern hisses angrily. x2; The orc shouts!
The wyvern closely misses you. The wyvern completely misses you.
The wyvern closely misses you. The wyvern bites you!
Found 17 arrows.
There is a stone staircase leading up here.
The wyvern barely misses you. The wyvern closely misses you.
You fly upwards.
There is a stone staircase leading down here.
Casting: Static Discharge (safe; 1% risk of failure)
Confirm with . or Enter, or press ? or * to list all spells.
You miscast Blink.
You are very lightly contaminated with residual magic.
Nothing appears to happen.
The wyvern bites you! The wyvern barely misses you. The wyvern bites you!
* * * LOW HITPOINT WARNING * * *
The wyvern bites you!
You die...

#................## #####
#...............## #....
#.............#######.###
####..................#
##........^#########
#..........# #..........#
#....☼l...># #....@.....#
#...l......# ##.>......##
##......## ########


You could see 2 wyverns.

Vanquished Creatures
  Pikel (D:3)
  A yak (D:8)
  4 steam dragons (D:7)
  A hornet zombie (D:6)
  3 sky beasts (D:7)
  A black bear (D:7)
  A necrophage (D:7)
  An ogre (D:5)
  A centaur (D:5)
  A lemure (D:4)
  7 scorpions
  A water moccasin skeleton (D:5)
  2 centaur zombies
  A bullfrog skeleton (D:6)
  A gnoll shaman (D:7)
  A hound (D:6)
  2 jellies (D:6)
  2 human zombies (Ossuary)
  An orc wizard (D:7)
  2 mummies (Ossuary)
  A howler monkey zombie (D:7)
  5 gnolls
  5 adders
  A howler monkey skeleton (D:6)
  2 white imps
  An ufetubus (D:4)
  An adder skeleton (D:5)
  An adder zombie (D:5)
  A worm (D:2)
  6 orcs
  7 endoplasms
  6 giant cockroaches
  7 goblins
  8 hobgoblins
  7 kobolds
  A quokka (D:3)
  8 ball pythons
  6 bats
  2 frilled lizards
  A gnoll zombie (Ossuary)
  A goblin zombie (Ossuary)
  2 kobold zombies (Ossuary)
  An orc zombie (Ossuary)
  5 rats
121 creatures vanquished.

Vanquished Creatures (collateral kills)
  A sky beast (D:7)
1 creature vanquished.

Vanquished Creatures (others)
  A fungus (D:8)
  5 plants (D:8)
6 creatures vanquished.

Grand Total: 128 creatures vanquished

Notes
Turn   | Place    | Note
-------+----------+-------------------------------------------
     0 | D:1      | Avack the Tengu Air Elementalist began the quest for the
                  | Orb.
     0 | D:1      | Reached XP level 1. HP: 10/10 MP: 4/4
    32 | D:1      | Found a faded altar of an unknown god.
    47 | D:1      | Became a worshipper of Qazlal Stormbringer
    47 | D:1      | Reached * piety under Qazlal
   343 | D:1      | Reached XP level 2. HP: 15/15 MP: 4/6
   346 | D:1      | Learned a level 2 spell: Static Discharge
  1008 | D:2      | Reached XP level 3. HP: 13/19 MP: 2/7
  1017 | D:2      | Learned a level 3 spell: Swiftness
  1116 | D:2      | Reached skill level 5 in Air Magic
  1217 | D:2      | Reached ** piety under Qazlal
  1348 | D:2      | Found Gotu's Antique Weapon Shop.
  2417 | D:3      | Reached XP level 4. HP: 22/24 MP: 8/8
  2638 | D:3      | Reached skill level 6 in Air Magic
  2642 | D:3      | Found Rorihia's Book Boutique.
  3044 | D:4      | Noticed a scorpion
  3139 | D:4      | Noticed a lemure
  3139 | D:4      | Noticed a lemure
  3283 | D:5      | Entered Level 5 of the Dungeon
  3289 | D:5      | Gained mutation: Your magical nature lets you fly swiftly
                  | and evasively. [Tengu growth]
  3289 | D:5      | Reached XP level 5. HP: 22/28 MP: 2/9
  3373 | D:5      | Noticed a centaur
  3409 | D:4      | Noticed Pikel
  3411 | D:4      | Avack: ??lemuire
  3411 | D:4      | beem: lemuire ~ lemure[1/1]: A weak demon (a 5). Only shows
                  | up in Pikel's band.
  3426 | D:4      | Noticed a lemure
  3430 | D:4      | Noticed a lemure
  3435 | D:4      | Killed a lemure
  3819 | D:3      | Killed Pikel
  3820 | D:3      | Reached skill level 8 in Air Magic
  3820 | D:3      | Reached XP level 6. HP: 9/32 MP: 3/11
  3820 | D:3      | Reached XP level 7. HP: 10/36 MP: 3/12
  3830 | D:3      | Learned a level 4 spell: Airstrike
  4356 | D:4      | Found Xeolaf's Weapon Emporium.
  4359 | D:4      | Bought 21 poisoned darts for 84 gold pieces
  4433 | D:5      | Found a staircase to the Ecumenical Temple.
  4916 | D:5      | Reached skill level 9 in Air Magic
  4916 | D:5      | Reached XP level 8. HP: 40/41 MP: 8/13
  4919 | D:5      | Learned a level 2 spell: Blink
  5452 | D:6      | Found a transporter.
  5689 | D:6      | Found a transporter.
  5689 | D:6      | Noticed Lanoc's ghost (weakling KoDe)
  5714 | D:6      | Reached skill level 1 in Translocations
  5944 | D:6      | Found a radiant altar of Vehumet.
  6331 | D:7      | Found Yseinops's Antique Armour Shop.
  6337 | D:7      | Bought a pair of runed gloves for 150 gold pieces
  6370 | D:7      | Reached skill level 10 in Air Magic
  6416 | D:7      | Found a sand-covered staircase.
  6421 | Ossuary  | Entered an ossuary
  7017 | D:7      | Reached *** piety under Qazlal
  7018 | D:7      | Reached XP level 9. HP: 45/45 MP: 4/16
  7064 | D:7      | Learned a level 3 spell: Call Canine Familiar
  7104 | D:7      | Reached skill level 1 in Summonings
  7142 | D:7      | Reached skill level 1 in Invocations
  7871 | D:8      | Reached skill level 5 in Summonings
  7933 | D:8      | Noticed a two-headed ogre
  7942 | D:7      | Slain by a wyvern

Illustrated notes

Levels and vault maps discovered:
D:1:      lightli_arrival_maybe_door_vault, layout_basic,
          hellmonk_ecumenical_altar_blasted
D:2:      layout_basic, serial_shops, nicolae_shop_stone
D:3:      minmay_inner_zag, layout_basic, serial_shops, shop,
          corexii_item_surrounded_by_moat, minmay_misc_feat_plants,
          kennysheep_generic_room_4
D:4:      layout_rooms, serial_shops, kennysheep_mini_moat, minmay_unequal,
          uniq_pikel
D:5:      layout_cave_pods, temple_doors_e
D:6:      layout_gridville, mainiacjoe_overflow_alcove_1, gammafunk_ghost_arena,
          minmay_crystal_room
D:7:      layout_rooms, serial_shops, nicolae_shop_overgrown_old_shop,
          enter_ossuary_5, hangedman_misty_isle
D:8:      layout_gridville, mainiacjoe_overflow_paths, minmay_lair_entry_grove,
          hellmonk_ghost_happy_afterlife

Skill      XL: |  1  2  3  4  5  6  7  8  9 |
---------------+----------------------------+-----
Conjurations   | 2 3 4 6 |  6.7
Air Magic      | 5 6 8 9 10 | 10.5
Spellcasting   | 3 4 |  4.7
Dodging        | 3 4 |  4.0
Translocations | 2 3 |  3.1
Summonings     | 5 |  5.0
Invocations    | 3 |  3.8
Stealth        | |  2.0

Action                   |  1- 3 |  4- 6 |  7- 9 || total
-------------------------+-------+-------+-------++-------
Melee: Unarmed           |     4 |       |       ||     4
       Kick              |     4 |     5 |    32 ||    41
       Short sword       |    20 |    27 |       ||    47
       Dagger            |     1 |       |       ||     1
       Peck              |     3 |     3 |    18 ||    24
       Whip              |       |       |   114 ||   114
Throw: Dart              |       |       |     2 ||     2
 Cast: Shock             |    78 |    26 |    29 ||   133
       Static Discharge  |     1 |    10 |    19 ||    30
       Swiftness         |       |     2 |       ||     2
       Airstrike         |       |       |    51 ||    51
       Call Canine Famil |       |       |     2 ||     2
  Use: Scroll            |     5 |     2 |     6 ||    13
       Potion            |       |       |     1 ||     1
Armor: Robe              |    11 |    12 |    13 ||    36
       Steam dragon scal |       |       |    24 ||    24
Dodge: Dodged            |    19 |    25 |    90 ||   134
Block: Other             |       |     5 |    19 ||    24

Table legend: (Time is in decaauts)
 A = Elapsed time spent in this place.
 B = Non-inter-level travel time spent in this place.
 C = Inter-level travel time spent in this place.
 D = Time resting spent in this place.
 E = Time spent auto-exploring this place.
 F = Levels seen in this place.
 G = Mean time per level.
                   A        B        C        D        E       F      G
               +--------+--------+--------+--------+--------+-----+--------+
         Total |   7689 |   7268 |    421 |    395 |   5712 |   9 |  854.3 |
       Dungeon |   7184 |   6763 |    421 |    377 |   5362 |   8 |  898.0 |
       Ossuary |    505 |    505 |      0 |     18 |    349 |   1 |  505.0 |
               +--------+--------+--------+--------+--------+-----+--------+

Top non-repeatable levels by time:
     D:3: 1362 daAuts
     D:2: 1311 daAuts
     D:6: 1060 daAuts
     D:1: 993 daAuts
     D:7: 948 daAuts
     D:5: 873 daAuts
     D:4: 580 daAuts
 Ossuary: 505 daAuts
     D:8: 53 daAuts
